 Dungeon Crawl Stone Soup version 0.17-a0-737-gf0a300a (webtiles) character file.

199 KarvaRausku the Chucker (level 5, 0/48 HPs)
             Began as an Ogre Arcane Marksman on Apr 21, 2015.
             Was an Initiate of Okawaru.
             Succumbed to an adder's poison
             ... on level 3 of the Dungeon on Apr 24, 2015.
             The game lasted 00:12:05 (2478 turns).

KarvaRausku the Chucker (Ogre Arcane Marksman)      Turns: 2478, Time: 00:12:05

Health: 0/48       AC:  4    Str: 16    XL:     5   Next: 77%
Magic:  7/7        EV: 10    Int: 12    God:    Okawaru [......]
Gold:   200        SH:  0    Dex: 10    Spells: 1 memorised, 6 levels left

rFire  . . .     SeeInvis .     r - +1 war axe
rCold  . . .     Clarity  .     a - +1 robe
rNeg   . . .     SustAb   .     (no shield)
rPois  .         Gourm    .     (helmet restricted)
rElec  .         Spirit   .     (no cloak)
rCorr  .         Warding  .     (gloves unavailable)
rMut   .         Stasis   .     (boots unavailable)
MR     .....                    (no amulet)
Stlth  +.........               (no ring)
                                (no ring)

@: lethally poisoned (0 -> -10), not resistant to hostile enchantments, very
unstealthy
A: unfitting armour, tough skin 1
a: Renounce Religion


You were on level 3 of the Dungeon.
You worshipped Okawaru.
Okawaru was noncommittal.
You were hungry.

You visited 1 branch of the dungeon, and saw 3 of its levels.

You collected 200 gold pieces.

Inventory:

Hand weapons
 g - a +0 dagger
 r - a +1 war axe (weapon)
Missiles
 b - 3 tomahawks (quivered)
 c - a throwing net
 w - 19 poisoned needles
Armour
 a - a +1 robe (worn)
 h - a +0 large shield
 s - a +2 pair of gloves
Scrolls
 f - 4 scrolls of identify
 l - a scroll of blinking
 n - a scroll of enchant armour
Potions
 q - 2 potions of brilliance
 u - a potion of agility {unknown}
 v - a potion of ambrosia {unknown}
Books
 d - a book of Debilitation

   Spells                             Type                      Level
   a - Corona                         Hexes                        1
   b - Slow                           Hexes                        2
   c - Gell's Gravitas                Hexes/Translocation          3
   d - Inner Flame                    Hexes/Fire                   3
   e - Cause Fear                     Hexes                        4
   f - Leda's Liquefaction            Hexes/Earth                  4
Comestibles
 e - 6 bread rations
 k - 5 fruits


   Skills:
 - Level 1.3 Fighting
 + Level 5.9 Throwing
 - Level 1.8 Dodging
 - Level 1.9 Spellcasting
 - Level 2.3 Hexes


You had 6 spell levels left.
You knew the following spells:

 Your Spells              Type           Power        Failure   Level  Hunger
a - Corona                Hex            #......      12%         1    ##.....


Dungeon Overview and Level Annotations

Branches:
Dungeon (3/15)

Altars:
Okawaru
Sif Muna

Annotations:
D:3 Sigmund


Innate Abilities, Weirdness & Mutations

You are too large for most types of armour.
You have tough skin (AC +1).


Message History

You are more poisoned.
The adder poisons you!
Throwing (i - inventory. (,) - cycle):
b - 5 tomahawks (quivered)
Press: ? - help, Shift-Dir - straight line, f/p - adder
Aim: an adder (almost dead)
You throw a tomahawk. The tomahawk barely misses the adder.
* * * LOW HITPOINT WARNING * * *
You feel sick. The adder closely misses you.
Throwing (i - inventory. (,) - cycle):
b - 4 tomahawks (quivered)
Press: ? - help, Shift-Dir - straight line, f/p - adder
Aim: an adder (almost dead)
You throw a tomahawk. The tomahawk barely misses the adder.
* * * LOW HITPOINT WARNING * * *
You feel sick. The adder bites you.
* * * LOW HITPOINT WARNING * * *
The adder barely misses you.
You slash the adder!
You kill the adder!
Okawaru accepts your kill.
You die...

.............'....(
#.# #......
.#.#.########
....#####'###...#..
.#.#<# ..(
#..........#..
#.#.#
#..........#..
#.#.#
#..........+..
#.#.#
#..........#..
#.#.#
#..........+..
#.#.# ###
#####...####.. .#.#
#@# #.### #.. #.#
#.#######.# #.. .
..# #(........# ..
. ........#########
.####..# .....
###..# #..# #.(#


There were no monsters in sight!

Vanquished Creatures
  Terence (D:3)
  A hound skeleton (D:3)
  4 adders
  6 gnolls
  3 worms (D:2)
  2 giant geckos (D:2)
  10 bats
  A giant cockroach (D:1)
  6 goblins
  4 hobgoblins
  9 kobolds
  2 ball pythons (D:3)
  2 giant newts
  10 jackals
  4 rats
65 creatures vanquished.

Notes
Turn   | Place    | Note
--------------------------------------------------------------
     0 | D:1      | KarvaRausku, the Ogre Arcane Marksman, began the quest for the Orb.
     0 | D:1      | Reached XP level 1. HP: 19/19 MP: 2/2
   330 | D:1      | Reached XP level 2. HP: 24/27 MP: 1/4
   924 | D:2      | Reached skill level 3 in Throwing
   924 | D:2      | Reached XP level 3. HP: 17/33 MP: 5/5
  1257 | D:2      | Reached skill level 4 in Throwing
  1257 | D:2      | Reached XP level 4. HP: 41/41 MP: 6/6
  1708 | D:2      | Found a deep blue altar of Sif Muna.
  1854 | D:3      | Found an iron altar of Okawaru.
  1888 | D:3      | Noticed Sigmund
  1907 | D:3      | Became a worshipper of Warmaster Okawaru
  2146 | D:3      | Reached skill level 5 in Throwing
  2146 | D:3      | Reached XP level 5. HP: 48/48 MP: 5/7
  2410 | D:3      | Noticed Terence
  2415 | D:3      | Killed Terence
  2477 | D:3      | HP: 2/48 [adder (2)]
  2478 | D:3      | Succumbed to an adder's poison

Action                   |  1- 3 |  4- 6 || total
-------------------------+-------+-------++-------
Melee: Dagger            |    90 |       ||    90
       Unarmed           |     8 |       ||     8
       War axe           |     9 |    66 ||    75
Throw: Large rock        |    35 |    28 ||    63
       Tomahawk          |     7 |     8 ||    15
       Throwing net      |     2 |     1 ||     3
 Cast: Corona            |    12 |     5 ||    17
  Use: Scroll            |       |     6 ||     6
       Potion            |       |     1 ||     1
  Eat: Chunk             |     1 |     4 ||     5
